 Dungeon Crawl Stone Soup version 0.26-a0-346-g33516b1736 (webtiles) character file.

Game seed: 3195467469651631660

44 LadyOphelia the Cudgeler (level 3, -6/49 HPs)
             Began as a Draconian Berserker on July 17, 2020.
             Was a Believer of Trog.
             Mangled by an iguana (9 damage)
             ... on level 2 of the Dungeon.
             The game lasted 00:03:23 (1334 turns).

LadyOphelia the Cudgeler (Draconian Berserker)      Turns: 1334, Time: 00:03:24

Health: -6/49      AC:  5    Str: 19    XL:     3   Next: 41%
Magic:  3/3        EV: 13    Int:  7    God:    Trog [**....]
Gold:   48         SH:  0    Dex: 11    Spells: 2/2 levels left

rFire    . . .     SeeInvis .   a - +0 mace
rCold    . . .     Faith    .   (no shield)
rNeg     . . .     Spirit   .   (armour unavailable)
rPois    .         Reflect  .   (helmet restricted)
rElec    .         Harm     .   (no cloak)
rCorr    .                      (no gloves)
MR       .....                  (no boots)
Stlth    ..........             (no amulet)
HPRegen  0.16/turn              (no ring)
MPRegen  0.08/turn              (no ring)

@: berserking, very quick
A: unfitting armour, cold-blooded, AC +5
a: Berserk, Trog's Hand, Renounce Religion


You were on level 2 of the Dungeon.
You worshipped Trog.
Trog was pleased with you.
You visited 1 branch of the dungeon, and saw 2 of its levels.

You collected 48 gold pieces.

Inventory:

Hand Weapons
 a - a +0 mace (weapon)
Scrolls
 b - a scroll of enchant weapon {unknown}
 c - a scroll of identify {unknown}


   Skills:
 * Level 3.6 Fighting
 + Level 3.8 Maces & Flails
 - Level 3.1 Dodging
 - Level 0.3 Stealth


You had 2 spell levels left.
You didn't know any spells.
Your spell library was empty.

Dungeon Overview and Level Annotations

Branches:
Dungeon (2/15)

Altars:


Innate Abilities, Weirdness & Mutations

Your plain brown scales are hard. (AC +5)
You cannot fit into any form of body armour.
You are cold-blooded and may be slowed by cold attacks.


Message History

The iguana bites you but does no damage.
The goblin closely misses you. The iguana completely misses you.
You closely miss the goblin.
The goblin is moderately wounded.
The goblin closely misses you. The iguana bites you.
* * * LOW HITPOINT WARNING * * *
The goblin closely misses you.
A red film seems to cover your vision as you go berserk!
You feel yourself moving faster!
You feel mighty! The iguana closely misses you.
The goblin hits you but does no damage.
A bat comes into view.
You barely miss the goblin.
The goblin is moderately wounded.
The iguana bites you!
* * * LOW HITPOINT WARNING * * *
The goblin completely misses you.
You sock the iguana!
Your tail-slap misses the iguana.
The iguana is severely wounded.
The bat barely misses you. The iguana bites you!
You die...

#.#........
#.......... #.
#.......... .#..
#........>. ....
.......... .....
#.........
#...###.........
#....@........
###b.lg.......
#.....)......
#.#<.........
$?.#.#.#######
.... #...# ....
..... ....
.###### . ..


You could see an iguana, a goblin and a bat.

Vanquished Creatures
  2 oozes (D:1)
  A dart slug (D:1)
  2 leopard geckos (D:1)
  6 bats (D:1)
  A goblin (D:2)
  6 hobgoblins
  5 jackals (D:1)
  5 frilled lizards
  2 kobolds
  A rat (D:1)
31 creatures vanquished.

Notes
Turn   | Place    | Note
-------+----------+-------------------------------------------
     0 | D:1      | LadyOphelia the Draconian Berserker began the quest for the
                  | Orb.
     0 | D:1      | Reached XP level 1. HP: 19/19 MP: 1/1
   292 | D:1      | Reached XP level 2. HP: 26/26 MP: 2/2
   748 | D:1      | Reached ** piety under Trog
   748 | D:1      | Reached XP level 3. HP: 31/31 MP: 3/3
  1334 | D:2      | Mangled by an iguana

Illustrated notes

Levels and vault maps discovered:
D:1:      roderic_dead_forest, layout_basic, kennysheep_minor_cross
D:2:      layout_rooms, nemelex_xobeh_ov_fountains_minmay, uniq_sigmund

Skill      XL: |  1  2 |
---------------+-------+-----
Dodging        | 3 |  3.1
Fighting       | |  3.6
Maces & Flails | |  3.8
Stealth        | |  0.3

Action                   || total
-------------------------++-------
Melee: Mace              ||    94
       Tailslap          ||    14
Invok: Berserk           ||     1
  Use: Scroll            ||     3
       Potion            ||     2
Armor: Skin              ||    48
Dodge: Dodged            ||    94

Table legend:
 A = Non-vault XP
 B = Vault XP
 C = Vault XP percentage of total XP
 D = Non-vault monster count
 E = Vault monster count
 F = Vault count percentage of total count
                 A         B        C        D         E       F
            +---------+---------+-------+---------+---------+-------
      Total |      64 |       0 |   0.0 |      31 |       0 |   0.0
            +---------+---------+-------+---------+---------+-------
        D:1 |      58 |       0 |   0.0 |      27 |       0 |   0.0
        D:2 |       6 |       0 |   0.0 |       4 |       0 |   0.0
            +---------+---------+-------+---------+---------+-------
